 Dungeon Crawl Stone Soup version 0.31-a0-1272-g9f703e4c1d (webtiles) character file.

Game seed: 16600374819473371249

1257 Colgate the Covert (level 8, -1/44 HPs)
             Began as a Kobold Brigand on Dec 17, 2023.
             Was a Follower of Uskayaw.
             Slain by a centaur warrior (4 damage)
             ... on level 5 of the Dungeon.
             The game lasted 00:31:28 (8053 turns).

Colgate the Covert (Kobold Brigand)                 Turns: 8053, Time: 00:31:29

Health: -1/44      AC:  8    Str:  8    XL:     8   Next: 81%
Magic:  11/11      EV: 13    Int: 12    God:    Uskayaw [*.....]
Gold:   99         SH:  0    Dex: 19    Spells: 7/7 levels left

rFire   . . .        b - +4 dagger (speed)
rCold   . . .        (no shield)
rNeg    + . .        A - +3 leather armour
rPois   .            (no helmet)
rElec   .            c - +1 cloak
rCorr   .            (no gloves)
SInv    .            (no boots)
Will    .....        (no amulet)
Stlth   +++++        y - ring of flight
HPRegen 0.27/turn    E - ring of positive energy
MPRegen 0.12/turn

%: no passive effects
@: mighty, attractive, flying, hasted, very quick
A: small, no large weapons, nightstalker 3
a: Renounce Religion, Stomp


You were on level 5 of the Dungeon.
You worshipped Uskayaw.
Uskayaw was noncommittal.
You visited 1 branch of the dungeon, and saw 5 of its levels.
You also visited: Sewer.

You collected 184 gold pieces.
You spent 85 gold pieces at shops.

Inventory:

Hand Weapons
 b - a +4 dagger of speed (weapon)
Missiles
 d - 23 poisoned darts (quivered)
 e - 2 curare-tipped darts
Armour
 c - a +1 cloak (worn)
 A - a +3 leather armour (worn)
Jewellery
 a - a ring of ice
 y - a ring of flight (left hand)
 E - a ring of positive energy (right hand)
Talismans
 F - the dragon-blood talisman of Awe {rElec Str+2}
   (You found it on level 4 of the Dungeon)

   [dragon-blood talisman]

   Str+2:     It affects your strength (+2).
   rElec:     It insulates you from electricity.
Wands
 n - a wand of flame (9)
 C - a wand of iceblast (8) {@v2}
 D - a wand of mindburst (14)
 H - a wand of polymorph (9)
Scrolls
 g - a scroll of noise
 h - a scroll of poison
 j - a scroll of summoning {unknown}
 m - a scroll of teleportation {@r3}
 o - a scroll of fog {unknown}
 r - a scroll of acquirement {unknown}
 u - a scroll of silence {unknown}
 v - a scroll of brand weapon {unknown}
 B - a scroll of enchant armour
Potions
 f - a potion of lignification
 k - a potion of mutation
 l - 2 potions of curing {@q1}
 p - a potion of brilliance
 s - 3 potions of attraction
 w - a potion of ambrosia
 x - a potion of heal wounds {unknown}
 z - a potion of might {@q3}
 G - a potion of degeneration {unknown}
Miscellaneous
 q - a phantom mirror


   Skills:
 - Level 2.1 Fighting
 + Level 8.8 Short Blades
 - Level 4.0 Throwing
 - Level 1.2 Dodging
 - Level 9.2 Stealth
 - Level 4.4 Invocations
 - Level 1.4 Evocations


You had 7 spell levels left.
You didn't know any spells.
Your spell library contained the following spells:

 Spells                   Type           Power      Damage    Failure   Level
 Apportation              Tloc           0%         N/A       43%         1
 Jinxbite                 Hex            0%         N/A       58%         2
 Call Canine Familiar     Summ           0%         N/A       82%         3
 Sigil of Binding         Hex            0%         N/A       82%         3
 Dimensional Bullseye     Hex/Tloc       0%         N/A       99%         4
 Alistair's Intoxication  Tmut/Pois      0%         N/A       100%        5


Dungeon Overview and Level Annotations

Branches:
Dungeon (5/15)              Sewer (visited)
 Temple: D:4-7

Altars:
Fedhas
Nemelex Xobeh
Sif Muna
Trog
Uskayaw

Shops:
D:1 =   D:2 *


Innate Abilities, Weirdness & Mutations

You are small and have problems with some larger weapons.
You are completely attuned to the shadows.


Message History

You hit the centaur warrior. The centaur warrior hits you!
The centaur warrior kicks you but does no damage.
Throw: 3 darts (curare)
Press: ? - help, Shift-Dir - straight line, f - centaur warrior
Aim: a centaur warrior, wearing a +0 barding and quivering stones (lightly wounded, 72% to hit)
You throw a curare-tipped dart.
The curare-tipped dart closely misses the centaur warrior.
The centaur warrior hits you. The centaur warrior kicks you.
An adder comes into view.
The adder is attracted toward you.
Throw: 23 darts (poison)
Press: ? - help, Q - select action, (/) - cycle Shift-Dir - straight line, f/p - centaur warrior
Aim: a centaur warrior, wearing a +0 barding and quivering stones (lightly wounded, 72% to hit)
Okay, then.
Unknown command.
The centaur warrior barely misses you. The centaur warrior closely misses you.
An orc wizard comes into view.
It is wielding a +4 dagger of distortion.
The centaur warrior hits you!
The centaur warrior kicks you but does no damage.
The adder is attracted toward you. The orc wizard is attracted toward you.
You don't know any spells.
You don't know any spells.
You feel yourself speed up. The orc wizard barely misses you.
The centaur warrior hits you but does no damage.
The centaur warrior kicks you but does no damage.
The adder hisses angrily.
You feel very mighty all of a sudden. The centaur warrior hits you!
* * * LOW HITPOINT WARNING * * *
The centaur warrior kicks you but does no damage.
The orc wizard hits you with a +4 dagger of distortion.
* * * LOW HITPOINT WARNING * * *
Space warps horribly around you!
* * * LOW HITPOINT WARNING * * *
Okay, then.
As you read the scroll labelled LUSOTA COCZY, it crumbles to dust.
It is a scroll of enchant armour.
Your +0 cloak glows green for a moment.
The adder barely misses you. The centaur warrior hits you.
You die...

##..?......
........#.§ #.
.......#...#...
.....c#o..#...#.
...†.S@#†..#...#
.........#†..#...
............).....
..........###..##.
..........###..#
.......#.......#
.......[..##.......##
..........##...##...#
...............###..#


You could see a centaur warrior, an orc wizard and an adder.

Vanquished Creatures
  Grinder (Sewer)
  An ogre (D:5)
  2 centaurs
  A kobold brigand (Sewer)
  2 necrophages (Sewer)
  A gnoll sergeant (D:5)
  2 scorpions
  A howler monkey (D:5)
  2 hounds (D:4)
  An iguana (D:4)
  2 orc wizards (D:4)
  7 adders
  3 river rats
  3 shadow imps
  4 ufetubi (Sewer)
  6 worms
  4 dart slugs
  5 orcs
  5 bats
  15 endoplasms
  7 giant cockroaches
  12 goblins
  11 hobgoblins
  9 jackals
  20 kobolds
  2 quokkas
  8 ball pythons
  A frilled lizard (D:3)
  2 kobold zombies (Sewer)
  8 rats
148 creatures vanquished.

Notes
Turn   | Place    | Note
-------+----------+-------------------------------------------
     0 | D:1      | Colgate the Kobold Brigand began the quest for the Orb.
     0 | D:1      | Reached XP level 1. HP: 12/12 MP: 1/1
   108 | D:1      | Found Pemomack's Jewellery Boutique.
   122 | D:1      | Reached XP level 2. HP: 14/17 MP: 2/2
   378 | D:1      | Reached XP level 3. HP: 21/21 MP: 3/3
   497 | D:1      | Found a faded altar of an unknown god.
   502 | D:1      | Prayed at the altar of an unknown god.
   502 | D:1      | Became a worshipper of Uskayaw the Reveller
   502 | D:1      | Reached * piety under Uskayaw
   596 | D:1      | Reached skill level 6 in Stealth
   600 | D:1      | Reached ** piety under Uskayaw
   610 | D:1      | Reached *** piety under Uskayaw
  1110 | D:2      | Found Qecwaug's Assorted Antiques.
  1232 | D:2      | Reached XP level 4. HP: 26/26 MP: 4/4
  1530 | D:2      | Reached skill level 5 in Short Blades
  1816 | D:2      | Found Qecwaug's Assorted Antiques.
  2388 | D:2      | Bought a scroll of identify for 44 gold pieces
  2700 | D:3      | Reached XP level 5. HP: 14/30 MP: 5/5
  2982 | D:3      | Found a glowing drain.
  2988 | Sewer    | Entered a sewer
  3057 | Sewer    | Found an ancient bone altar of Kikubaaqudgha.
  3154 | Sewer    | Reached XP level 6. HP: 22/35 MP: 6/6
  3961 | Sewer    | Noticed Grinder
  3985 | Sewer    | Paralysed by Grinder for 2 turns
  4078 | Sewer    | Paralysed by Grinder for 2 turns
  4083 | Sewer    | Reached XP level 7. HP: 13/40 MP: 9/9
  4090 | Sewer    | HP: 2/40 [poisoned by a kobold brigand]
  4252 | Sewer    | Paralysed by Grinder for 4 turns
  4723 | Sewer    | Killed Grinder
  4724 | Sewer    | Reached skill level 7 in Stealth
  5082 | D:3      | Reached skill level 8 in Stealth
  5140 | D:3      | Found a blossoming altar of Fedhas.
  5969 | D:3      | Found a blossoming altar of Fedhas.
  6577 | D:2      | Bought a scroll labelled RAFACY WONLO for 22 gold pieces
  6577 | D:2      | Bought a sapphire potion for 19 gold pieces
  6698 | D:4      | Reached skill level 9 in Stealth
  6698 | D:4      | Reached XP level 8. HP: 26/44 MP: 6/10
  6931 | D:4      | Found a sparkling altar of Nemelex Xobeh.
  7364 | D:4      | Identified the dragon-blood talisman of Awe {rElec Str+2}
  7545 | D:4      | Found a bloodstained altar of Trog.
  7550 | D:4      | Found a shimmering blue altar of Sif Muna.
  7809 | D:5      | Entered Level 5 of the Dungeon
  7903 | D:5      | Reached skill level 1 in Evocations
  8042 | D:5      | Noticed a centaur warrior
  8053 | D:5      | Slain by a centaur warrior

Illustrated notes

Levels and vault maps discovered:
D:1:      mrwooster_arrival_arrow, layout_loops_ring,
          shapermc_ecumenical_altar_petra, serial_shops, shop
D:2:      layout_basic, serial_shops, nicolae_shop_dealshenge
D:3:      layout_basic, old_standard_altar, portal_sewer_entry_b,
          minmay_misc_feat_encased, nicolae_figureground_pulse
D:4:      layout_loops_cross, hellmonk_overflow_destroyed_library,
          lemuel_doored_altar
D:5:      cheibrodos_fzero, layout_layer_cave, gammafunk_temple_overflow_claw,
          mainiacjoe_overflow_catwalk_spiral, grunt_ministairs_11

Skill      XL: |  1  2  3  4  5  6  7  8 |
---------------+-------------------------+-----
Short Blades   | 3 4 5 6 8 |  8.8
Stealth        | 6 9 |  9.2
Throwing       | 3 4 |  4.0
Invocations    | 3 4 |  4.4
Evocations     | 1 |  1.4
Fighting       | |  2.1
Dodging        | |  1.2

Action                     |  1- 3 |  4- 6 |  7- 9 || total
---------------------------+-------+-------+-------++-------
  Melee: Dagger            |    78 |   287 |   235 ||   600
         Punch             |       |     4 |     1 ||     5
  Throw: Dart              |       |    16 |     5 ||    21
 Invoke: Stomp             |       |       |     3 ||     3
    Use: Scroll            |     2 |     2 |    12 ||    16
         Potion            |       |       |     3 ||     3
   Stab: Sleeping          |    21 |    12 |    25 ||    58
         Distracted        |     1 |     2 |     2 ||     5
         Paralysed         |     1 |     1 |     1 ||     3
 Armour: Robe              |    19 |    97 |    28 ||   144
         Leather armour    |       |       |    53 ||    53
  Dodge: Dodged            |    22 |   189 |    79 ||   290

Table legend: (Time is in decaauts)
 A = Elapsed time spent in this place.
 B = Non-inter-level travel time spent in this place.
 C = Inter-level travel time spent in this place.
 D = Time resting spent in this place.
 E = Time spent auto-exploring this place.
 F = Levels seen in this place.
 G = Mean time per level.
                   A        B        C        D        E       F      G
               +--------+--------+--------+--------+--------+-----+--------+
         Total |   7854 |   7474 |    380 |    983 |   4734 |   6 | 1309.0 |
       Dungeon |   5947 |   5567 |    380 |    267 |   4227 |   5 | 1189.4 |
         Sewer |   1906 |   1906 |      0 |    716 |    507 |   1 | 1906.0 |
               +--------+--------+--------+--------+--------+-----+--------+

Top non-repeatable levels by time:
   Sewer: 1906 daAuts
     D:3: 1834 daAuts
     D:2: 1787 daAuts
     D:4: 1163 daAuts
     D:1: 939 daAuts
     D:5: 223 daAuts
